 Dungeon Crawl Stone Soup version 0.18.1-5-g4a78601 (webtiles) character file.

223 namelastname112 the Sneak (level 5, -1/41 HPs)
             Began as a Draconian Enchanter on May 11, 2016.
             Slain by a gnoll
             ... wielding a +0 spear
              (6 damage)
             ... on level 3 of the Dungeon.
             The game lasted 00:05:46 (3371 turns).

namelastname112 the Sneak (Draconian Enchanter)     Turns: 3371, Time: 00:05:47

Health: -1/41      AC:  4    Str: 10    XL:     5   Next: 66%
Magic:  1/9        EV: 13    Int: 15    God:
Gold:   158        SH:  0    Dex: 13    Spells: 3 memorised, 3 levels left

rFire  . . .     SeeInvis .     a - +1 dagger
rCold  . . .     Gourm    .     (armour unavailable)
rNeg   . . .     Faith    .     (no shield)
rPois  .         Spirit   .     (helmet restricted)
rElec  .         Dismiss  .     x - -2 cloak (curse)
rCorr  +         Reflect  .     (no gloves)
SustAt .         Harm     .     (no boots)
MR     .....                    (no amulet)
Stlth  ++........               (no ring)
                                j - ring of resist corrosion

@: not resistant to hostile enchantments, unstealthy
A: unfitting armour, cold-blooded, AC +5
a: no special abilities


You were on level 3 of the Dungeon.
You were very hungry.

You visited 1 branch of the dungeon, and saw 3 of its levels.

You collected 158 gold pieces.

Inventory:

Hand Weapons
 a - a +1 dagger (weapon)
Missiles
 y - a throwing net (quivered)
Armour
 e - a +0 buckler
 x - a cursed -2 cloak (worn)
Jewellery
 j - a ring of resist corrosion (left hand)
Scrolls
 f - 2 scrolls of remove curse {unknown}
 g - a scroll of identify {unknown}
 h - 3 scrolls of teleportation {unknown}
 l - a scroll of recharging {unknown}
 m - a scroll of amnesia {unknown}
 s - a scroll of noise {unknown}
Potions
 d - 3 potions of brilliance {unknown}
 k - a potion of haste {unknown}
 n - a potion of berserk rage {unknown}
 o - a potion of invisibility {unknown}
 p - a potion of might {unknown}
 q - a potion of degeneration {unknown}
 r - a potion of lignification {unknown}
 t - a potion of heal wounds {unknown}
 v - a potion of mutation {unknown}
Books
 b - a book of Maledictions

   Spells                             Type                      Level
   a - Corona                         Hexes                        1
   b - Ensorcelled Hibernation        Hexes/Ice                    2
   c - Confuse                        Hexes                        3
   d - Tukima's Dance                 Hexes                        3
   e - Dazzling Spray                 Conjuration/Hexes            3
Comestibles
 c - 3 bread rations
 i - 8 fruits
 u - a beef jerky
 w - a meat ration


   Skills:
 + Level 2.1 Fighting
 + Level 1.5 Short Blades
 + Level 2.7 Dodging
 * Level 3.9 Stealth
 + Level 2.6 Spellcasting
 * Level 3.6 Hexes


You had 3 spell levels left.
You knew the following spells:

 Your Spells              Type           Power        Failure   Level  Hunger
a - Corona                Hex            ##.....      6%          1    #......
x - Confuse               Hex            ##......     17%         3    ###....
z - Ensorcelled Hibernat  Hex/Ice        #.....       14%         2    ##.....


Dungeon Overview and Level Annotations

Branches:
Dungeon (3/15)

Altars:


Innate Abilities, Weirdness & Mutations

Your plain brown scales are hard (AC +5).
Your body does not fit into most forms of armour.
You are cold-blooded and may be slowed by cold attacks.


Message History

Aiming: Confuse
Press: ? - help, Shift-Dir - straight line, f/p - gnoll
Aim: a gnoll, wielding a spear (chance to defeat MR: 52%)
The gnoll appears confused.
You now have 0/9 mp.
The gnoll hits you with a spear!
* * * LOW HITPOINT WARNING * * *
You take 8 damage, and have 5/41 hp.
You barely miss the gnoll. You hit the gnoll.
The gnoll is lightly wounded.
You hit the gnoll.
The gnoll is lightly wounded.
You hit the gnoll.
The gnoll is heavily wounded.
The gnoll barely misses you.
You hit the gnoll but do no damage.
The gnoll is heavily wounded.
The gnoll hits you with a spear.
You die...

#.##########.# #.#.###+#.#.. #.#
#.# #.#.#..<..#.. #.# #.#
#.#.#.....#.. #g# #.#
#.#.#......## #.# #.#
#.#.#......## #.#.. #.#
#)#.........# #.#.#### #.#
#.#.......#.# #.#....
...#.######.#.##....#.# #.#...#
#).#..@g..........#.#.# #.#...#
#g.########.#.###.#.#.# #.#...#
#......................
###.#...###.###############.#.##.
............. #.#....
###.#######.# #.##... g...# #.#
#.##... ##### #.# #... #.# #...


You could see a gnoll (confused).

Vanquished Creatures
  An orc priest (D:3)
  Jessica (D:2)
  6 gnolls (D:3)
  5 adders
  An ooze (D:2)
  2 dart slugs
  3 giant geckos (D:1)
  5 orcs (D:3)
  5 bats
  5 giant cockroaches
  8 goblins
  5 hobgoblins
  5 kobolds
  3 giant newts
  3 rats
58 creatures vanquished.

Notes
Turn   | Place    | Note
--------------------------------------------------------------
     0 | D:1      | namelastname112 the Draconian Enchanter began the quest for the Orb.
     0 | D:1      | Reached XP level 1. HP: 14/14 MP: 3/3
   192 | D:1      | Reached XP level 2. HP: 2/20 MP: 3/5
   490 | D:1      | Learned a level 2 spell: Ensorcelled Hibernation
   720 | D:1      | HP: 1/20 [kobold/enchanted short sword (1)]
  1087 | D:1      | Reached XP level 3. HP: 26/26 MP: 3/6
  1092 | D:1      | Learned a level 3 spell: Confuse
  1613 | D:2      | Noticed Jessica
  1621 | D:2      | Killed Jessica
  1621 | D:2      | Reached skill level 1 in Fighting
  1621 | D:2      | Reached XP level 4. HP: 35/35 MP: 2/7
  2031 | D:3      | Nattefrost: hullo
  2043 | D:3      | Nattefrost: so how many wins in the tournament so far?
  2043 | D:3      | namelastname112: let mesee
  2043 | D:3      | namelastname112: 6
  2044 | D:3      | Nattefrost: got 0, i've been unlucky AND played bad
  2051 | D:3      | Nattefrost: and i probably dont play as much as you do :p
  2121 | D:3      | namelastname112: i'm playing like a shithead
  2413 | D:3      | Reached XP level 5. HP: 41/41 MP: 8/8
  3371 | D:3      | Slain by a gnoll

Skill      XL: |  1  2  3  4  5 |
---------------+----------------+-----
Dodging        | 2 |  2.7
Hexes          | 3 |  3.6
Stealth        | 3 |  3.9
Fighting       | 1 2 |  2.1
Short Blades   | |  1.5
Spellcasting   | |  2.6

Action                   |  1- 3 |  4- 6 || total
-------------------------+-------+-------++-------
Melee: Dagger            |   143 |    77 ||   220
       Tailslap          |    11 |     7 ||    18
 Cast: Corona            |     1 |       ||     1
       Ensorcelled Hiber |    12 |    23 ||    35
       Confuse           |       |     3 ||     3
 Stab: Sleeping          |     7 |    18 ||    25
  Eat: Chunk             |     2 |     6 ||     8
       Beef jerky        |     1 |       ||     1
Armor: Skin              |    53 |    21 ||    74
Dodge: Dodged            |   119 |    40 ||   159
